[Event "Olomouc Chess Summer-GM 2022"]
[Site "Olomouc"]
[Date "2022.08.14"]
[Round "3.1"]
[White "Krejci, Jan"]
[Black "Mirzoev, Azer"]
[Result "1/2-1/2"]
[ECO "A06"]
[WhiteElo "2511"]
[BlackElo "2424"]
[Annotator "TA"]
[PlyCount "73"]
[EventDate "2022.08.10"]
[EventCountry "CZE"]
[SourceTitle "playchess.com"]
[Source "ChessBase"]
[SourceQuality "1"]
[TimeControl "40/5400+30:1800+30"]

1. Nf3 d5 2. e3 c5 3. b3 Nf6 4. Bb2 a6 5. c4 Nc6 6. cxd5 {[%emt 0:03:54] A06: Réti Opening: 1 Nf3 d5.} Nxd5 7. a3 e6 8. Qc2 {[%emt 0:02:15] [#]} Nf6 $146 ({Predecessor:} 8... Qc7 9. Be2 b6 10. O-O Bb7 11. Rc1 Rc8 12. Nc3 Nf6 13. Qb1 Qd8 14. Na4 Bd6 {½-½ (40) Bogner,S (2569)-Brochet,P (2383) Belfort 2012}) 9. Nc3 b6 10. Ne4 Nxe4 11. Qxe4 Bb7 12. Qg4 ({Better is} 12. Be2 $11) 12... Rc8 13. Be2 ({Not} 13. Bxg7 $2 Rg8 14. Qf4 Rxg7 $19) 13... h5 14. Qh3 Na5 15. b4 cxb4 16. axb4 Nb3 17. Rd1 $1 Bxb4 {[%emt 0:12:52] Black wants to play ...Rc2.} 18. O-O Rc2 19. Rb1 {[%emt 0:22:04][%cal Bd1b1,Bb1b4,Bb4b6,Bb6c6,Bc6c5][%mdl 32] The position is equal.} Nxd2 20. Nxd2 Rxd2 21. Bxg7 Rg8 (21... Rxe2 $2 22. Bxh8 Bc5 23. Qxh5 $18) 22. Bf3 Bxf3 23. Qxf3 Rxg7 24. Rxb4 Qd5 25. Qxd5 Rxd5 26. Rxb6 $11 {[%emt 0:00:05][%mdl 4096] Endgame KRR-KRR} Ra5 27. Rc1 Rgg5 28. h4 Rgb5 29. Rbc6 Rd5 30. R1c2 Ke7 31. e4 Rd7 32. R6c5 Rb5 33. f3 Kf6 34. Kf2 Rd2+ 35. Rxd2 {[%emt 0:00:20] [#] aiming for Rxb5.} Rxc5 36. Rd7 Rc2+ 37. Kg3 {[%emt 0:00:35] An interesting draw.  Weighted Error Value: White=0.06 (flawless) /Black=0.06 (flawless)} 1/2-1/2

[Event "Olomouc Chess Summer-GM 2022"]
[Site "Olomouc"]
[Date "2022.08.14"]
[Round "3.2"]
[White "Frank, Adam"]
[Black "Sorm, Daniel"]
[Result "1/2-1/2"]
[ECO "B63"]
[WhiteElo "2313"]
[BlackElo "2308"]
[Annotator "TA"]
[PlyCount "67"]
[EventDate "2022.08.10"]
[EventCountry "CZE"]
[SourceTitle "playchess.com"]
[Source "ChessBase"]
[SourceQuality "1"]
[TimeControl "40/5400+30:1800+30"]

1. e4 c5 2. Nf3 d6 3. d4 cxd4 4. Nxd4 Nf6 5. Nc3 Nc6 6. Bg5 e6 7. Qd2 Qb6 8. Nb3 Be7 9. f3 O-O 10. O-O-O Rd8 11. Be3 Qc7 12. Qf2 d5 {[%emt 0:09:51] B63: Sicilian: Richter-Rauzer: 7...Be7 and unusual Black 7th moves.} 13. Be2 dxe4 14. fxe4 Bd7 {[%emt 0:06:03] [#]} (14... b6 $11 {is more appropriate.}) 15. Bf3 $146 (15. Rhf1 $14) ({Predecessor:} 15. g4 Ne5 16. Bf4 Nexg4 17. Qg3 e5 18. Bd2 Rac8 19. Bd3 Nh5 20. Qf3 Nf4 21. Bxf4 exf4 {0-1 (29) Chevrier,T (2156)-Levacic,D (2295) France 1999}) 15... Be8 16. Kb1 Nd7 (16... Rxd1+ $1 $17 17. Bxd1 a6) 17. h4 Nde5 18. Nb5 Qb8 19. Rxd8 Bxd8 20. Rd1 {[%emt 0:02:29] [#]} (20. Be2 $11 {keeps the balance.}) 20... b6 ({Better is} 20... Nc4 $1 $17 {...Qe5 is the strong threat.} 21. Bc1 Bb6) 21. Nd6 Be7 22. Nxe8 Qxe8 23. Be2 Rd8 24. Nd4 Nxd4 25. Bxd4 {[%emt 0:03:59] A strong pair of Bishops.} Nc6 26. c3 (26. h5 {looks sharper.} Rxd4 27. Rxd4 Bc5 28. Bb5) 26... e5 27. Be3 Rxd1+ 28. Bxd1 Qd7 29. Be2 Nd8 30. g3 Nb7 31. Bc4 Bc5 {[%emt 0:00:47] And now ...Qd1+ would win.} 32. Bd5 g6 {[%emt 0:04:53] [#]} (32... Nd6 $11 {remains equal.} 33. a3 (33. Bxc5 Nxe4 34. Bxf7+ Qxf7 $17) 33... Bxe3 34. Qxe3 Qg4) 33. a3 {[%emt 0:02:57] White is more active.} (33. Bxc5 $1 $16 Nxc5 34. b4) 33... Kg7 $11 34. Bxc5 {[%emt 0:03:29] Weighted Error Value: White=0.25 (precise) /Black=0.31} 1/2-1/2

[Event "Olomouc Chess Summer-GM 2022"]
[Site "Olomouc"]
[Date "2022.08.14"]
[Round "3.3"]
[White "Winkelman, Albert"]
[Black "Svanda, Ondrej"]
[Result "1/2-1/2"]
[ECO "A04"]
[WhiteElo "2278"]
[BlackElo "2363"]
[Annotator "TA"]
[PlyCount "93"]
[EventDate "2022.08.10"]
[EventCountry "CZE"]
[SourceTitle "playchess.com"]
[Source "ChessBase"]
[SourceQuality "1"]
[TimeControl "40/5400+30:1800+30"]

1. Nf3 c5 2. g3 g6 3. Bg2 Bg7 4. O-O Nc6 5. c4 e6 6. e3 Nge7 7. Nc3 O-O {[%emt 0:03:09] [#]} 8. Ne4 $146 {[%emt 0:01:42] A37: Symmetrical English vs ...g6: 4 Bg2 Bg7 5 Nf3.} (8. d4 $11) ({Predecessor:} 8. d4 cxd4 9. exd4 d5 10. cxd5 Nxd5 11. Bg5 Qb6 12. Na4 Qa5 13. a3 b6 14. Rc1 Bd7 15. Nc3 Nxc3 16. Rxc3 Rac8 17. Qd2 Rfe8 18. Rfc1 Qa4 {0-1 (64) Jones,G (2671)-Timofeev,A (2574) Chess.com INT 2022}) 8... b6 9. Nd6 Qc7 10. Nxc8 {[%emt 0:04:30] The position is equal.} Raxc8 11. d4 d5 12. dxc5 bxc5 13. cxd5 exd5 14. Qa4 Rb8 15. Rb1 a5 16. Qa3 (16. Bd2 $11) 16... Rb5 17. Bd2 Rfb8 18. Bc3 d4 19. exd4 cxd4 20. Bd2 {[%emt 0:00:55] A strong pair of Bishops.} Qb6 21. b3 (21. Bf4 $11 {remains equal.}) 21... Nd5 $1 $17 22. Rbc1 Nc3 $1 23. Kh1 (23. Nxd4 $2 Nxd4 24. Kh1 Nce2 $19) 23... Rc5 (23... Rf5 $142 24. Bf4 (24. Nxd4 $2 Nxd4 25. Bxc3 Nb5 $17) 24... Rd8) 24. Ng5 Nb4 25. Ne4 Nxe4 (25... Rh5 $17 {Strongly threatening ...Nd3.} 26. Nxc3 dxc3 27. Bxc3 Nd3 28. Bxg7 Nxc1) 26. Bxe4 $11 Re8 27. Bf3 Rec8 28. Rxc5 Rxc5 (28... Qxc5 29. Rc1 Qf8 30. Rxc8 (30. Qxa5 Rxc1+ 31. Bxc1 Nd3 $16) 30... Qxc8 31. Qxa5 $16) 29. Re1 (29. Qa4 $11) 29... Qb5 (29... Bf8 $1 $17 {aiming for ...Rc2.} 30. Bxb4 axb4) 30. Qa4 Qxa4 31. bxa4 {[%emt 0:00:07] Intending Re8+ and mate.} Be5 32. Bd1 Kg7 33. Bb3 Nd3 34. Rf1 Bf6 35. f4 Nb4 36. Rc1 Rxc1+ 37. Bxc1 {[%emt 0:00:07][%mdl 4096] Endgame KBB-KBN} Bd8 38. Kg2 f5 39. Kf3 Kf6 40. Ke2 Bb6 41. a3 Nc6 (41... d3+ $11 {keeps the balance.} 42. Kd2 Na6) 42. Kd3 $16 Ke7 43. Bb2 Kd6 {[%emt 0:03:04] [#]} (43... h6 $142) 44. Bg8 $1 {[%emt 0:03:18] White is clearly better.} h6 {[%emt 0:00:03] [#]} (44... Ne7 $16 45. Bf7 (45. Bxh7 Kd5 $16) 45... Nc6) 45. Bh7 $1 $18 Ne7 46. Bxd4 Bc5 47. Bf6 {[%emt 0:00:00] What a bad dream for Black.  Weighted Error Value: White=0.23 (precise) /Black=0.24 (precise)} ({White should play} 47. Bc3) 1/2-1/2

[Event "Olomouc Chess Summer-GM 2022"]
[Site "Olomouc"]
[Date "2022.08.14"]
[Round "3.4"]
[White "Pap, Gyula"]
[Black "Baum, Jonasz"]
[Result "1/2-1/2"]
[ECO "B51"]
[WhiteElo "2481"]
[BlackElo "2410"]
[Annotator "TA"]
[PlyCount "24"]
[EventDate "2022.08.10"]
[EventCountry "CZE"]
[SourceTitle "playchess.com"]
[Source "ChessBase"]
[SourceQuality "1"]
[TimeControl "40/5400+30:1800+30"]

1. e4 c5 2. Nf3 d6 3. Bb5+ Nd7 4. d4 cxd4 5. Qxd4 a6 6. Be2 {[%emt 0:05:38] B51: Sicilian: Moscow Variation (3 Bb5+) without 3...Bd7.} e5 7. Qe3 Ngf6 8. c4 {[%emt 0:02:19] Inhibits b5. White has an edge.} d5 9. cxd5 Bc5 {[%emt 0:00:06][%mdl 64] [#] Deflection} 10. Qb3 Nxe4 {[%emt 0:01:34] [#]} 11. Be3 $146 ({Predecessor:} 11. O-O Qb6 12. Qxb6 Bxb6 13. Nbd2 Nd6 14. Nc4 Nxc4 15. Bxc4 f6 16. Nd2 Bd4 17. Ne4 {0-1 (49) Gavrilescu,D (2436)-Kotronias,V (2509) Budapest 2018}) 11... O-O 12. O-O Bxe3 {[%emt 0:11:13] White got outplayed after the opening.  Weighted Error Value: White=0.12 (very precise) /Black=0.02 (flawless)} 1/2-1/2

[Event "Olomouc Chess Summer-GM 2022"]
[Site "Olomouc"]
[Date "2022.08.14"]
[Round "3.5"]
[White "Stalmach, Richard"]
[Black "Lutsko, Artem"]
[Result "0-1"]
[ECO "E32"]
[WhiteElo "2363"]
[BlackElo "2392"]
[Annotator "TA"]
[PlyCount "58"]
[EventDate "2022.08.10"]
[EventCountry "CZE"]
[SourceTitle "playchess.com"]
[Source "ChessBase"]
[SourceQuality "1"]
[TimeControl "40/5400+30:1800+30"]

1. d4 Nf6 2. c4 e6 3. Nc3 Bb4 4. Qc2 O-O 5. e4 d5 6. e5 Ne4 7. Bd3 c5 $1 8. Nf3 {E32: Nimzo-Indian: Classical (4 Qc2): 4...0-0.} cxd4 9. Nxd4 Nd7 10. Bf4 {The position is equal.} Qh4 11. g3 Qh5 12. O-O g5 13. cxd5 Bxc3 14. bxc3 exd5 15. Be3 {f3 is the strong threat.} Nxe5 16. f3 {Prevents Bg4.} ({Of course not} 16. Bxe4 dxe4 17. Qxe4 Re8 $15) 16... Nc5 17. Bf5 Ne6 $1 {[%mdl 4] [#] is now more promising than 17...f6.} 18. f4 $146 (18. Rae1 $11 {remains equal.}) ({Predecessor:} 18. Rae1 Nxd4 19. Bxd4 Nc6 20. Bf6 Qh6 21. Bxc8 Raxc8 22. Qf5 Qg6 23. Qxg5 Qxg5 24. Bxg5 {½-½ (66) Vidit,S (2723)-Ding,L (2806) chess24.com INT 2022}) 18... Nc4 $1 $17 19. Bc1 Nxd4 20. cxd4 {[#]} Nd6 ({Better is} 20... Re8 $1 $17 {[%cal Re8e2] White must now prevent ...Re2.} 21. g4 Qh4 22. fxg5 Nd6) 21. Bd3 $11 {This bishop pair is nice.} Bh3 22. Re1 (22. Qd1 $11 {keeps the balance.} Qxd1 23. Rxd1) 22... Rfe8 $36 {[%mdl 2048] White is under strong pressure.} 23. Ba3 Nc4 24. Bxc4 dxc4 25. fxg5 (25. Be7 $1 $15) 25... Qxg5 26. Bd6 (26. Bb4 $17) 26... Rxe1+ (26... c3 $19 27. Re5 Rxe5 28. Bxe5 Rc8) 27. Rxe1 Qd5 28. Be5 {[%mdl 8192] [#]} (28. Bb4 $17 {is tougher.}) 28... Re8 $1 $19 29. Re2 {[#]} (29. g4 $19 f6 30. Re3 fxe5 31. Rxh3 Qxd4+ 32. Kg2 Qd5+ 33. Kg1) 29... Rxe5 $1 {[%mdl 512] Weighted Error Value: White=0.81/Black=0.07 (flawless)} 0-1

[Event "Olomouc Chess Summer-GM 2022"]
[Site "Olomouc"]
[Date "2022.08.15"]
[Round "4.1"]
[White "Mirzoev, Azer"]
[Black "Lutsko, Artem"]
[Result "1-0"]
[ECO "D37"]
[WhiteElo "2424"]
[BlackElo "2392"]
[Annotator "TA"]
[PlyCount "143"]
[EventDate "2022.08.10"]
[EventCountry "CZE"]
[SourceTitle "playchess.com"]
[Source "ChessBase"]
[SourceQuality "1"]
[TimeControl "40/5400+30:1800+30"]

1. d4 Nf6 2. Nf3 d5 3. c4 e6 4. Nc3 Nbd7 5. cxd5 exd5 6. Bg5 c6 7. e3 Be7 8. Qc2 O-O 9. Bd3 Re8 10. O-O h6 11. Bh4 Ne4 12. Bxe7 Qxe7 13. Rab1 {[%emt 0:00:07] 13.b4 is more fashionable.} Nd6 {[%emt 0:22:46] D36: Queen's Gambit Declined: Exchange Variation: Main line (5 Bg5 c6 6 Qc2).} 14. Rfc1 {[%emt 0:02:09] [#]} Qf6 $146 ({Predecessor:} 14... a6 15. Na4 Rb8 16. b4 b5 17. Nc5 Nc4 18. Qc3 Nxc5 19. dxc5 a5 20. a3 Ra8 21. Ra1 {0-1 (48) Sakai,A (1713)-Plaza Reino,M (1727) Batumi 2018}) 15. Ne2 a5 {[%emt 0:02:16] The position is equal.} 16. Ng3 g6 17. b3 h5 18. h3 Nf8 19. Ne5 Ne6 {[%emt 0:01:21] [#]} (19... Nd7 $11) 20. a3 (20. Nxc6 $1 $16 {[%mdl 512] Strongly threatening Ne5.} bxc6 21. Qxc6) 20... Ng5 (20... Rd8 $11) 21. f4 (21. h4 $14 Nh7 22. Nxh5 $1 gxh5 23. Bxh7+ Kg7 24. Bd3) 21... Ne6 $11 22. b4 (22. Nf1 $11) 22... axb4 $15 23. axb4 Nc7 {[%emt 0:01:54] Inhibits b5.} (23... h4 $1 $15 {is more appropriate.} 24. Nh1 Nc7) 24. Rf1 $1 $11 h4 25. f5 $1 Qg5 (25... hxg3 $2 26. fxg6 Qh4 27. gxf7+ Nxf7 28. Rxf7 Rxe5 29. Rf4 (29. Rxc7 Re7 $16) 29... Qxf4 30. exf4 $18) 26. fxg6 f6 (26... Qxg3 $2 27. gxf7+ Kh8 28. fxe8=Q+ $18) 27. Nh5 Qxh5 (27... fxe5 $5 28. Nf6+ Kg7 29. Nxe8+ Ncxe8 30. dxe5 (30. Qf2 $2 e4 $19) 30... Qxe3+ 31. Qf2 Nc4 $11) 28. Rxf6 Be6 $2 (28... Rxe5 $2 29. dxe5 Qxe5 30. Qf2 $18) (28... Qg5 $1 $11 29. Rxd6 Qxe3+ 30. Qf2 Qxf2+ 31. Kxf2 Ne6) 29. Rbf1 $2 (29. Qf2 $1 $18 Ne4 30. Bxe4 dxe4 31. Rf1) 29... Qg5 $14 30. R6f4 {[%emt 0:11:40] The board is on fire. White is more active.} ({White should try} 30. g7 $16 {Threatening mate with Bh7+.} Ne4 31. Bxe4 dxe4 32. Qxe4) 30... Rf8 31. Qf2 Qe7 32. Qxh4 Qxh4 33. Rxh4 Rxf1+ 34. Kxf1 Bf5 35. Bxf5 Nxf5 36. Rh7 Ne6 (36... Nxe3+ $2 37. Kf2 $18) 37. Nd7 {[%emt 0:02:50][%mdl 1024] White has compensation.} (37. Ng4 $5 Rf8 38. Ke2 $14) 37... Ra1+ (37... Nxe3+ $2 38. Kf2 Nd1+ 39. Ke1 $18) 38. Kf2 $1 Ra2+ 39. Kg1 {[%emt 0:00:03] Intending Nf6+ and mate.} Neg7 40. Nf6+ Kf8 41. Ng4 Rb2 42. h4 Ng3 {[%emt 0:01:18] Inhibits h5.} 43. Kh2 Nf1+ (43... N3h5 $1 $11 {and Black stays safe.}) 44. Kh3 $18 Nxe3 45. Nxe3 {[%emt 0:00:00][%mdl 4096] Endgame KRN-KRN} Rb3 {[%emt 0:00:02] [#]} 46. Kg4 $1 Rxe3 {[%emt 0:00:08] [#] KRN-KR} 47. h5 $1 Re4+ 48. Kg5 {[%emt 0:00:00] h6 is the strong threat.} Nxh5 (48... Re2 $142 49. Rh8+ Ke7) 49. Kxh5 {[%emt 0:00:00] KR-KR} b6 50. Rb7 Rxd4 51. Rxb6 Rc4 52. g4 Rc1 53. Rb8+ Kg7 54. Rb7+ Kg8 55. Kh6 Rh1+ 56. Kg5 {[%emt 0:00:00] White threatens Rc7 and mate.} Re1 (56... d4 $18 57. Rd7 Rd1) 57. Kf6 $2 (57. Rc7 {mates} d4 58. Rxc6 Kg7 59. Rc7+ Kg8 60. b5 d3 61. Rd7 (61. b6 d2 $14) 61... Kf8 62. g7+ Kg8 63. Kf6) 57... Rf1+ $11 58. Ke5 {[%emt 0:00:00] Threatens to win with Rc7.} Re1+ 59. Kf6 {[%emt 0:03:17] Rb8+ would kill now.} Rf1+ 60. Kg5 {[%emt 0:00:07] White wants to mate with Rc7.} Rf8 $2 (60... Re1 $11) 61. Rd7 {[%emt 0:01:41] White mates.} Rf1 62. Rc7 d4 63. Rxc6 Rb1 64. Rc8+ Kg7 65. Rc7+ Kg8 66. Rd7 Rxb4 {[%emt 0:00:15] [#]} 67. Kh6 $1 Rb8 68. Rxd4 Rf8 69. Rd6 Re8 70. g5 Ra8 71. g7 Rb8 72. Rf6 {[%emt 0:00:18] Weighted Error Value: White=0.34/Black=0.61} 1-0

[Event "Olomouc Chess Summer-GM 2022"]
[Site "Olomouc"]
[Date "2022.08.15"]
[Round "4.2"]
[White "Baum, Jonasz"]
[Black "Stalmach, Richard"]
[Result "0-1"]
[ECO "E70"]
[WhiteElo "2410"]
[BlackElo "2363"]
[Annotator "TA"]
[PlyCount "76"]
[EventDate "2022.08.10"]
[EventCountry "CZE"]
[SourceTitle "playchess.com"]
[Source "ChessBase"]
[SourceQuality "1"]
[TimeControl "40/5400+30:1800+30"]

1. d4 Nf6 2. c4 g6 3. Nc3 Bg7 4. e4 O-O 5. Nge2 d6 6. f3 a6 7. Be3 Nbd7 {[%emt 0:03:52][%cal Ob7b5,Bb8d7,Bd7e5,Be5d3][%mdl 32] E81: King's Indian: Sämisch: 6th move deviations (including 6 Be3 c6).} 8. Qd2 b5 $1 {[%emt 0:01:32][%cal Bb7b5,Bb5c4,Bc4d3][%mdl 4] is currently scoring better than 8...c5.} 9. Bh6 Bxh6 {[%emt 0:01:38] The position is equal.} 10. Qxh6 c5 {[%emt 0:00:48] [#]} 11. Qd2 $146 (11. h4 $11 {was preferrable.}) ({Predecessor:} 11. h4 b4 12. Nd5 e6 13. Nxf6+ Qxf6 14. h5 Qg7 15. Qd2 a5 16. Rd1 Ra6 17. dxc5 dxc5 {½-½ (37) Basso,P (2561)-Vocaturo,D (2617) Premium Chess Arena INT 2020}) 11... bxc4 $15 12. d5 Ne5 13. Nc1 {[%emt 0:00:47] [#] Against Nd3+} e6 $1 {[%emt 0:01:49] Black is more active.} 14. f4 Nd3+ 15. Nxd3 cxd3 16. dxe6 (16. Bxd3 $17 exd5 17. exd5) 16... c4 $19 {[%emt 0:08:53] And now ...Bb7 would win.} ({Worse is} 16... fxe6 17. Bxd3 d5 18. e5 $11) 17. b3 d5 (17... fxe6 18. bxc4 e5 19. Bxd3 $11) (17... Bxe6 $19 18. bxc4 Bxc4 19. Bxd3 Rc8 20. Bxc4 Rxc4) 18. exd5 $17 Nxd5 19. bxc4 Nb4 20. Rb1 (20. Rd1 $17 {is the only way for White.}) 20... Rb8 21. Nd5 Nc2+ {[%emt 0:02:54][%mdl 64] Discovered Attack} 22. Kf2 Rxb1 {[%emt 0:00:32] Really sharp!} 23. e7 Qd6 24. Bxd3 Rxh1 $19 (24... Qc5+ 25. Kg3 Rxh1 26. Bxc2 $11) 25. Bxc2 {[%emt 0:02:16] [#]} Bb7 $1 26. exf8=Q+ Kxf8 27. Qd4 Bxd5 28. cxd5 {[%emt 0:01:16][%mdl 4096] Endgame KQR-KQB} Rc1 ({But not} 28... Rxh2 $2 29. Bd3) 29. Bd3 a5 30. Kg3 Rd1 {[%emt 0:04:41] Strongly threatening ...Qa3.} 31. Qh8+ Ke7 32. Bb5 Rxd5 {[%emt 0:09:35] ...Rg5+ is the strong threat.} 33. Qe8+ Kf6 {[%emt 0:00:03] White must now prevent ...Qa3+.} 34. Qh8+ Kf5 35. Qc8+ Qe6 36. Qc3 (36. Qc2+ Kf6 37. Qc3+ Ke7 38. Bc6) 36... Rxb5 {[%emt 0:05:31] Black is clearly winning.} 37. Qd3+ Kf6 {[%emt 0:00:13] Threatens to win with ...Rb4.} 38. Qxb5 Qe3+ {[%emt 0:00:04] Weighted Error Value: White=0.69/Black=0.06 (flawless)} 0-1

[Event "Olomouc Chess Summer-GM 2022"]
[Site "Olomouc"]
[Date "2022.08.15"]
[Round "4.3"]
[White "Svanda, Ondrej"]
[Black "Pap, Gyula"]
[Result "1/2-1/2"]
[ECO "A36"]
[WhiteElo "2363"]
[BlackElo "2481"]
[Annotator "TA"]
[PlyCount "26"]
[EventDate "2022.08.10"]
[EventCountry "CZE"]
[SourceTitle "playchess.com"]
[Source "ChessBase"]
[SourceQuality "1"]
[TimeControl "40/5400+30:1800+30"]

1. c4 c5 2. g3 g6 3. Bg2 Bg7 4. Nc3 Nc6 5. e4 e6 6. Nge2 Nge7 7. d3 d6 8. Rb1 {[%emt 0:01:56] A36: Symmetrical English vs ...g6: 4 Bg2 Bg7.} Nd4 {[%emt 0:30:03] [#]} 9. Nxd4 $146 ({Predecessor:} 9. a3 Nec6 10. O-O h5 11. h4 b6 12. Nxd4 Nxd4 13. e5 Rb8 14. Bg5 Qd7 15. exd6 {½-½ (40) Li,H (2330)-Farkas,T (2316) Budapest 2018}) 9... cxd4 10. Ne2 (10. Nb5 $11 {deserves consideration.}) 10... Qa5+ ({Better is} 10... O-O $15) 11. b4 Qxa2 12. Bb2 (12. Bd2 $11 Qa3 13. Nf4) 12... e5 $15 13. O-O O-O {[%emt 0:03:53] Weighted Error Value: White=0.21 (precise) /Black=0.17 (very precise)} 1/2-1/2

[Event "Olomouc Chess Summer-GM 2022"]
[Site "Olomouc"]
[Date "2022.08.15"]
[Round "4.4"]
[White "Sorm, Daniel"]
[Black "Winkelman, Albert"]
[Result "1-0"]
[ECO "D17"]
[WhiteElo "2308"]
[BlackElo "2278"]
[Annotator "TA"]
[PlyCount "95"]
[EventDate "2022.08.10"]
[EventCountry "CZE"]
[SourceTitle "playchess.com"]
[Source "ChessBase"]
[SourceQuality "1"]
[TimeControl "40/5400+30:1800+30"]

1. d4 d5 2. c4 c6 3. Nf3 Nf6 4. Nc3 dxc4 5. a4 Bf5 6. Nh4 Bg4 7. h3 Bh5 8. g4 {[%emt 0:04:56] D17: Slav Defence: 5 a4 Bf5: Lines with 6 Nh4 and 6 Ne5.} Bg6 9. Bg2 e6 10. Nxg6 {[%emt 0:05:29] The position is equal.} hxg6 11. e3 Na6 12. O-O Bd6 {[%emt 0:04:33] [#]} 13. f4 $146 ({Predecessor:} 13. Qe2 Qe7 14. Qxc4 Nb4 15. f4 g5 16. fxg5 Nxg4 17. hxg4 Qxg5 18. Ne4 Bh2+ 19. Kf2 {1-0 (30) Korobkin,M (2333)-Slugin,A (2104) Novosibirsk 2008}) 13... Nb4 14. Bd2 a5 15. Qe2 Qc7 (15... Nfd5 $142) 16. Qxc4 g5 (16... O-O-O $11 {keeps the balance.}) 17. Rac1 ({Better is} 17. fxg5 $16 Nxg4 18. g6 (18. hxg4 Bh2+ 19. Kh1 Bf4+ 20. Kg1 Bh2+ 21. Kh1 Bf4+ 22. Kg1 Bh2+ $11)) 17... gxf4 $11 18. Nb5 cxb5 19. Qxc7 Bxc7 20. Bxb4 (20. Rxc7 $11 Nbd5 21. Rxb7 fxe3 22. Be1) 20... axb4 (20... Kd7 $5 21. Bd2 bxa4 $11) 21. Rxc7 bxa4 22. Bxb7 Rb8 (22... Nd5 $5 23. Bc6+ Kf8 24. Bxa8 Nxc7 $15) 23. g5 Ng8 24. Bc6+ Kf8 25. Rxf4 {[%emt 0:11:08][%csl Gf4][%cal Rc7f7] [#]} Ne7 26. g6 f6 (26... f5 $11 27. Bxa4 Rxh3) 27. Bxa4 $14 Rxh3 28. Re4 Rb6 (28... e5 $16) 29. Bb3 (29. Ra7 $18 {Intending Ra8+ and mate.} Nxg6 30. Ra8+ Ke7 31. Rg4) 29... Rg3+ (29... f5 $14 30. Re5 (30. Rxe6 Rxe6 31. Bxe6 Rxe3 $11) 30... Nxg6) 30. Kf2 $16 Rxg6 31. Rxe6 {[%emt 0:01:18] White is more active.} Rxe6 32. Bxe6 {[%emt 0:00:05][%mdl 4096] Endgame Black must now prevent d5. KRB-KRN} Rg5 {[%emt 0:00:18] [#] Against d5} (32... f5 $16 {was necessary.} 33. d5 Rf6) 33. e4 $1 $18 Ra5 34. d5 {[%emt 0:01:08] And now d6 would win.} Ra6 35. Rb7 {[%emt 0:06:00] Hoping for Rb8+.} g6 $2 (35... Ng6 36. Rf7+ (36. Rxb4 Nf4 $16) 36... Ke8 37. Rxg7 Ne5) 36. Rb8+ Kg7 37. Rb7 {[%emt 0:00:02] Threatens to win with e5.} Kf8 38. Rxb4 f5 39. Rb8+ Kg7 40. Rb7 (40. e5 $142 {aiming for Rb7.} Ra7 41. d6) 40... Rxe6 (40... Kf6 $18 41. e5+ Kxe5) 41. dxe6 {[%emt 0:30:13] KR-KN} Kf6 42. exf5 gxf5 43. Rb6 {[%emt 0:00:00] White mates.} Nd5 44. Rc6 Nf4 45. Ke3 Nxe6 46. b4 Ke7 47. b5 Kd7 48. Kd3 {[%emt 0:00:00] Weighted Error Value: White=0.39/Black=0.66} (48. Rc2 $142 Nc7 49. Rc5 Ne6 50. Rxf5 Kc8 51. Re5 Kd7 52. Ke4 Nf8 53. Rf5) 1-0